 Dungeon Crawl Stone Soup version 0.19.4-8-ga85b6b9 (console) character file.

52 Grinner the Ruffian (level 3, 0/28 HPs)
             Began as a Minotaur Transmuter on Feb 8, 2017.
             Was an Initiate of Okawaru.
             Slain by a kobold
             ... wielding a +0 dagger
              (3 damage)
             ... on level 3 of the Dungeon.
             The game lasted 00:04:23 (1372 turns).

Grinner the Ruffian (Minotaur Transmuter)           Turns: 1372, Time: 00:04:24

Health: 0/28       AC:  2    Str: 15    XL:     3   Next: 60%
Magic:  3/4        EV: 13    Int: 15    God:    Okawaru [......]
Gold:   170        SH:  0    Dex: 10    Spells: 1 memorised, 3 levels left

rFire  + . .     SeeInvis .       - Unarmed
rCold  . . .     Gourm    .     b - +0 robe
rNeg   . . .     Faith    .     (no shield)
rPois  .         Spirit   .     (helmet restricted)
rElec  .         Reflect  .     (no cloak)
rCorr  .         Harm     .     (no gloves)
MR     .....                    (boots currently unavailable)
Stlth  +.........               (no amulet)
                                (no ring)
                                p - ring of protection from fire

@: brilliant, appendage (expiring)
A: retaliatory headbutt, horns 2, talons 3
a: End Transformation, Renounce Religion


You were on level 3 of the Dungeon.
You worshipped Okawaru.
Okawaru was noncommittal.
You were not hungry.
You had grown temporary talons.
You visited 1 branch of the dungeon, and saw 3 of its levels.

You collected 170 gold pieces.

Inventory:

Missiles
 a - 12 arrows
Armour
 b - a +0 robe (worn)
Jewellery
 p - a ring of protection from fire (left hand)
Wands
 g - a wand of random effects (27/48)
Scrolls
 h - a scroll of identify
 i - 2 scrolls of teleportation
 o - a scroll of remove curse
Potions
 j - a potion of agility {unknown}
 k - a potion of ambrosia {unknown}
 l - a potion of flight {unknown}
 m - a potion of magic {unknown}
Books
 c - a book of Changes

   Spells                             Type                      Level
   a - Beastly Appendage              Transmutation                1
   b - Sticks to Snakes               Transmutation                2
   c - Spider Form                    Transmutation/Poison         3
   d - Ice Form                       Ice/Transmutation            4
   e - Blade Hands                    Transmutation                5
Comestibles
 d - 4 bread rations
 f - 3 meat rations


   Skills:
 - Level 1.2 Fighting
 - Level 1.0 Armour
 + Level 3.2 Dodging
 * Level 4.2 Unarmed Combat
 - Level 1.3 Spellcasting
 - Level 1.5 Transmutations


You had 3 spell levels left.
You knew the following spells:

 Your Spells              Type           Power        Failure   Level  Hunger
z - Beastly Appendage     Tmut           ##....       1%          1    ##.....


Dungeon Overview and Level Annotations

Branches:
Dungeon (3/15)

Altars:
Elyvilon
Gozag
Okawaru


Innate Abilities, Weirdness & Mutations

You reflexively headbutt those who attack you in melee.
You have a pair of horns on your head.
You have claws for feet.


Message History

The hobgoblin barely misses you. You furiously retaliate!
You headbutt the hobgoblin.
You kill the hobgoblin!
Okawaru accepts your kill.
Casting: Beastly Appendage
Confirm with . or Enter, or press ? or * to list all spells.
Your feet morph into talons.
Your transformation is almost over.
The kobold hits you with a dagger.
* * * LOW HITPOINT WARNING * * *
You are too injured to fight recklessly!
You closely miss the kobold. You closely miss the kobold.
Your kick misses the kobold. The kobold hits you with a dagger.
* * * LOW HITPOINT WARNING * * *
Okay, then.
It was a potion of brilliance.
You feel clever all of a sudden. The kobold hits you with a dagger.
You die...

#...........##.#.....#
#####.......# #.####.
#########.......# #.#
.........))†....##.#.
.....................
................##.####.
........................
................#....#
................@K...#
.........###....†....#
.........# #.........#
.........# #.........#
.........# #....$[...#
########## ######....#
....# ....# #####


You could see a kobold.

Vanquished Creatures
  An ooze (D:1)
  A worm (D:3)
  An orc (D:3)
  A giant cockroach (D:3)
  6 goblins
  7 hobgoblins
  4 jackals (D:2)
  A ball python (D:1)
  5 bats
  4 frilled lizards
  4 kobolds
  8 rats
43 creatures vanquished.

Notes
Turn   | Place    | Note
-------+----------+-------------------------------------------
     0 | D:1      | Grinner the Minotaur Transmuter began the quest for the Orb.
     0 | D:1      | Reached XP level 1. HP: 16/16 MP: 1/1
    71 | D:1      | Reached XP level 2. HP: 20/23 MP: 3/3
   323 | D:1      | Reached skill level 4 in Unarmed Combat
   597 | D:2      | Reached XP level 3. HP: 17/28 MP: 4/4
   604 | D:2      | Reached skill level 1 in Armour
   612 | D:2      | Found an opulent altar of Gozag.
   709 | D:2      | Found an iron altar of Okawaru.
   790 | D:2      | Became a worshipper of Warmaster Okawaru
  1287 | D:3      | Found a white marble altar of Elyvilon.
  1372 | D:3      | Slain by a kobold

Skill      XL: |  1  2  3 |
---------------+----------+-----
Unarmed Combat | 4 |  4.2
Armour         | 1 |  1.0
Dodging        | 3 |  3.2
Fighting       | |  1.2
Spellcasting   | |  1.3
Transmutations | |  1.5

Action                   || total
-------------------------++-------
Melee: Unarmed           ||   121
       Headbutt          ||     8
       Kick              ||     2
 Cast: Beastly Appendage ||     2
  Use: Scroll            ||     5
       Potion            ||     1
  Eat: Chunk             ||     2
Armor: Robe              ||    15
       Plate armour      ||    55
Dodge: Dodged            ||    61
